 Dungeon Crawl Stone Soup version 0.20.1-1-g8b1a95d (webtiles) character file.

74 Arsonius the Cudgeler (level 4, -4/27 HPs)
             Began as a Gargoyle Gladiator on Sept 22, 2017.
             Killed from afar by Natasha (8 damage)
             ... with a magic dart
             ... on level 2 of the Dungeon.
             The game lasted 00:06:55 (1380 turns).

Arsonius the Cudgeler (Gargoyle Gladiator)          Turns: 1380, Time: 00:06:56

Health: -4/27      AC: 13    Str: 18    XL:     4   Next: 30%
Magic:  4/4        EV: 10    Int:  9    God:
Gold:   32         SH:  0    Dex: 11    Spells: 3/3 levels left

rFire    + + .     SeeInvis .   a - +0 flail
rCold    x . .     Gourm    .   (no shield)
rNeg     + . .     Faith    .   e - +0 fire dragon scales
rPois    ∞         Spirit   .   c - +0 helmet
rElec    +         Reflect  .   (no cloak)
rCorr    .         Harm     .   (no gloves)
MR       .....                  (no boots)
Stlth    ..........             (no amulet)
Regen    0.1/turn               (no ring)
MPRegen  0.1/turn               (no ring)

@: no status effects
A: negative energy resistance 1, electricity resistance, unbreathing,
petrification resistance, rot immunity, AC +3
a: no special abilities


You were on level 2 of the Dungeon.
You were not hungry.

You visited 1 branch of the dungeon, and saw 2 of its levels.

You collected 32 gold pieces.

Inventory:

Hand Weapons
 a - a +0 flail (weapon)
 t - a +4 spear
Missiles
 d - 3 throwing nets (quivered)
 h - 15 bolts
 j - 108 stones
 p - 17 sling bullets
Armour
 b - a +0 leather armour
 c - a +0 helmet (worn)
 e - +0 fire dragon scales (worn)
Scrolls
 k - a scroll of immolation {unknown}
 l - a scroll of remove curse
 n - a scroll of enchant weapon {unknown}
 r - a scroll of random uselessness {unknown}
 s - a scroll of recharging {unknown}
Potions
 m - a potion of berserk rage {unknown}
 q - a potion of lignification {unknown}
 u - a potion of heal wounds {unknown}
Comestibles
 f - a bread ration
 g - 2 royal jellies
 o - a fruit


   Skills:
 + Level 2.5 Fighting
 + Level 3.9 Maces & Flails
 + Level 1.8 Throwing
 + Level 1.2 Armour
 + Level 3.0 Dodging
 + Level 0.2 Stealth


You had 3 spell levels left.
You didn't know any spells.

Dungeon Overview and Level Annotations

Branches:
Dungeon (2/15)

Altars:

Annotations:
D:2 Natasha


Innate Abilities, Weirdness & Mutations

You are resistant to torment.
Your stone body is resilient. (AC +3)
You are immune to poison.
You resist negative energy. (rN+)
You are resistant to electric shocks. (rElec)
You can survive without breathing.
You are immune to petrification.
You are immune to rotting.


Message History

You closely miss Natasha.
Natasha is severely wounded.
Natasha drinks a potion.
Natasha is healed!
Natasha claws you.
You miss Natasha.
Natasha is lightly wounded.
Natasha claws you.
* * * LOW HITPOINT WARNING * * *
You barely miss Natasha.
Natasha is lightly wounded.
Natasha claws you but does no damage.
You closely miss Natasha.
Natasha is lightly wounded.
Natasha extends her claws.
Natasha claws you.
* * * LOW HITPOINT WARNING * * *
You hit Natasha.
Natasha is moderately wounded.
Natasha casts a spell at you. The magic dart hits you!
You die...

###.....###.............#.#
#........#..............#.#
#.......#.#...............#
#......##.##.......##.#####
#......#...#.......##.#####.#
#.......###.................#
#......#...#..........)...#.#
#......##.##................#
#.......#.#..###@#......#.#.#
######..###..# #h#........# #
##......## #.#......###
#.....### #.#......# #.....#
#......... #.....#
.......).## ####.#.# .##
#......# . #......#


You could see Natasha.

Vanquished Creatures
  3 gnolls (D:2)
  An adder (D:2)
  2 giant cockroaches (D:1)
  2 goblins
  4 hobgoblins
  4 jackals (D:1)
  7 kobolds
  7 bats
  A frilled lizard (D:2)
  5 rats
36 creatures vanquished.

Notes
Turn   | Place    | Note
-------+----------+-------------------------------------------
     0 | D:1      | Arsonius the Gargoyle Gladiator began the quest for the Orb.
     0 | D:1      | Reached XP level 1. HP: 12/12 MP: 1/1
   154 | D:1      | Reached XP level 2. HP: 16/17 MP: 2/2
  1037 | D:2      | Reached XP level 3. HP: 21/21 MP: 3/3
  1070 | D:2      | Reached XP level 4. HP: 10/27 MP: 4/4
  1073 | D:2      | Reached skill level 1 in Armour
  1362 | D:2      | Noticed Natasha
  1380 | D:2      | Killed from afar by Natasha

Skill      XL: |  1  2  3  4 |
---------------+-------------+-----
Dodging        | 3 |  3.0
Armour         | 1 |  1.2
Fighting       | |  2.5
Maces & Flails | |  3.9
Throwing       | |  1.8
Stealth        | |  0.2

Action                   |  1- 3 |  4- 6 || total
-------------------------+-------+-------++-------
Melee: Flail             |    67 |    80 ||   147
  Use: Scroll            |       |     1 ||     1
       Potion            |       |     1 ||     1
  Eat: Chunk             |     1 |     1 ||     2
Armor: Fire dragon scale |    62 |    69 ||   131
Dodge: Dodged            |    54 |    69 ||   123
